 Dungeon Crawl Stone Soup version 0.23-a0-241-g3b46b07 (webtiles) character file.

221 galech the Chopper (level 5, -3/41 HPs)
             Began as a Demonspawn Fighter on Sept 27, 2018.
             Slain by an orc priest
             ... wielding a +0 club
              (5 damage)
             ... on level 4 of the Dungeon.
             The game lasted 00:03:23 (2473 turns).

galech the Chopper (Demonspawn Fighter)             Turns: 2473, Time: 00:03:23

Health: -3/41      AC: 11    Str: 19    XL:     5   Next: 65%
Magic:  0/5        EV:  7    Int: 10    God:
Gold:   102        SH:  9    Dex: 13    Spells: 4/4 levels left

rFire    . . .     SeeInvis .   a - +0 war axe
rCold    . . .     Gourm    .   c - +0 shield
rNeg     . . .     Faith    .   b - +0 scale mail
rPois    .         Spirit   +   (no helmet)
rElec    .         Reflect  .   u - +0 cloak
rCorr    .         Harm     .   r - +0 pair of gloves
MR       .....                  (no boots)
Stlth    ..........             (no amulet)
HPRegen  0.13/turn              w - +3 ring of strength
MPRegen  0.09/turn              (no ring)

@: drained
A: yellow scales 2, magic shield
a: no special abilities


You were on level 4 of the Dungeon.
You were near starving.

You visited 1 branch of the dungeon, and saw 4 of its levels.

You collected 102 gold pieces.

Inventory:

Hand Weapons
 a - a +0 war axe (weapon)
Armour
 b - a +0 scale mail (worn)
 c - a +0 shield (worn)
 r - a +0 pair of gloves (worn)
 u - a +0 cloak (worn)
Jewellery
 w - a +3 ring of strength (left hand)
Wands
 k - a wand of enslavement (18)
Scrolls
 h - 2 scrolls of fog {unknown}
 j - 3 scrolls of teleportation {unknown}
 l - 2 scrolls of remove curse {unknown}
 n - a scroll of random uselessness {unknown}
 o - 5 scrolls of identify {unknown}
 q - 2 scrolls of amnesia {unknown}
 s - a scroll of immolation {unknown}
 v - a scroll of enchant weapon {unknown}
Potions
 d - a potion of might
 e - a potion of heal wounds {unknown}
 g - 5 potions of curing {unknown}
 i - 2 potions of haste {unknown}
 p - a potion of magic {unknown}
 t - a potion of cancellation {unknown}
Comestibles
 f - 6 rations


   Skills:
 + Level 3.5(2.7) Fighting
 + Level 3.9(3.1) Axes
 + Level 3.2(2.4) Armour
 + Level 1.3(0.7) Dodging
 + Level 0.1(0.0) Stealth
 + Level 3.5(2.8) Shields


You had 4 spell levels left.
You didn't know any spells.
Your spell library was empty.

Dungeon Overview and Level Annotations

Branches:
Dungeon (4/15)
 Temple: D:4-7

Altars:
Fedhas
Sif Muna

Annotations:
D:3 exclusion: oklob plant
D:4 2 transporters, nht's ghost, amateur OpAs


Innate Abilities, Weirdness & Mutations

You are mostly covered in yellow scales. (AC +3)
When hurt, damage is shared between your health and your magic reserves.


Message History

You block the orc priest's attack.
An orc wizard comes into view. It is wielding a dagger.
The orc priest looks encouraged for a moment.
The orc priest hits you with a club.
* * * LOW HITPOINT WARNING * * *
You hit the orc priest but do no damage.
The orc priest is almost dead.
You closely miss the orc priest.
The orc priest invokes the aid of Beogh against you.
Pain shoots through your body!
* * * LOW HITPOINT WARNING * * *
Nht's ghost screams, "I'll kill anyone who wants the ORB!"
You block the orc priest's attack.
The orc priest looks braver for a moment.
You barely miss the orc priest.
The orc priest is almost dead.
You closely miss the orc priest. You slash the orc!
You kill the orc!
The orc priest hits you with a club.
You die...

### ..# #.# ###
#.# .#..
#######.###....
.........o...©.
..(....oo######
#@##8.!$!
#.#g(....
#.#F#....
#.#ls#...#..#.# .#
#.#W...©....#.##.#
#.#..#...#..#.#...
#.#.#.....#.#.....
#.#.........#.....
#.##8.....8##..#


You could see a bullfrog, 2 orc priests, an orc wizard, nht's ghost, a gnoll, a
leopard gecko and a giant cockroach.

Vanquished Creatures
  A centaur (D:3)
  Natasha (D:3)
  4 adders
  An ooze (D:2)
  A worm (D:2)
  2 dart slugs
  A leopard gecko (D:2)
  2 orcs
  7 goblins
  9 hobgoblins
  7 jackals
  3 quokkas
  A ball python (D:1)
  8 bats
  8 frilled lizards
  8 kobolds
  10 rats
  9 fungi (D:3)
83 creatures vanquished.

Notes
Turn   | Place    | Note
-------+----------+-------------------------------------------
     0 | D:1      | galech the Demonspawn Fighter began the quest for the Orb.
     0 | D:1      | Reached XP level 1. HP: 18/18 MP: 1/1
    31 | D:1      | Gained mutation: When hurt, damage is shared between your
                  | health and your magic reserves. [demonic ancestry]
    31 | D:1      | Reached XP level 2. HP: 8/24 MP: 2/2
  1014 | D:2      | Gained mutation: You are partially covered in yellow
                  | scales. (AC +2) [demonic ancestry]
  1014 | D:2      | Reached XP level 3. HP: 29/29 MP: 3/3
  1143 | D:2      | Reached skill level 1 in Dodging
  1351 | D:2      | Found a deep blue altar of Sif Muna.
  1436 | D:2      | Reached XP level 4. HP: 34/35 MP: 4/4
  1762 | D:3      | Noticed a centaur
  1772 | D:3      | Killed a centaur
  1772 | D:3      | Gained mutation: You are mostly covered in yellow scales.
                  | (AC +3) [demonic ancestry]
  1772 | D:3      | Reached XP level 5. HP: 30/41 MP: 3/5
  2153 | D:3      | Noticed Natasha
  2161 | D:3      | Killed Natasha
  2212 | D:3      | Found a blossoming altar of Fedhas.
  2223 | D:3      | Noticed an oklob plant
  2431 | D:4      | Found a transporter.
  2436 | D:4      | Noticed nht's ghost (amateur OpAs)
  2454 | D:4      | Found a transporter.
  2472 | D:4      | HP: 1/41 [orc priest/nerve-wracking pain (11)]
  2473 | D:4      | Slain by an orc priest

Vault maps used:
D:1:      grunt_arrival_crossed_arrows, serial_bayou_pond_d,
          minmay_fountain_box, st_stairs_11
D:2:      overflow_temple_1_default
D:3:      tgw_fedhas, solitary_fountain, uniq_natasha
D:4:      gammafunk_ghost_arena, first_ration, serial_shops, shop,
          kennysheep_generic_room_8

Skill      XL: |  1  2  3  4 |
---------------+-------------+-----
Axes           | 2 3 |  3.9
Shields        | 3 |  3.5
Dodging        | 1 |  1.3
Armour         | 3 |  3.2
Fighting       | |  3.5
Stealth        | |  0.1

Action                   |  1- 3 |  4- 6 || total
-------------------------+-------+-------++-------
Melee: War axe           |   137 |   135 ||   272
  Eat: Chunk             |     2 |     2 ||     4
Armor: Scale mail        |    92 |    41 ||   133
Dodge: Dodged            |    45 |    24 ||    69
Block: Shield            |    87 |    47 ||   134

Table legend:
 A = Non-vault XP
 B = Vault XP
 C = Vault XP percentage of total XP
 D = Non-vault monster count
 E = Vault monster count
 F = Vault count percentage of total count
                 A         B        C        D         E       F
            +---------+---------+-------+---------+---------+-------
      Total |     277 |      40 |  12.6 |      69 |       5 |   6.8
            +---------+---------+-------+---------+---------+-------
        D:1 |      32 |       5 |  13.5 |      20 |       4 |  16.7
        D:2 |      64 |       0 |   0.0 |      27 |       0 |   0.0
        D:3 |     178 |      35 |  16.4 |      21 |       1 |   4.5
        D:4 |       3 |       0 |   0.0 |       1 |       0 |   0.0
            +---------+---------+-------+---------+---------+-------
